 Dungeon Crawl Stone Soup version 0.29-a0-360-g8ed1089bbe (webtiles) character file.

Game seed: 15783506668465561828

450 Hubjo the Magician (level 6, -3/37 HPs)
             Began as a Deep Elf Fire Elementalist on Apr 28, 2022.
             Slain by a two-headed ogre
             ... wielding a +0 giant spiked club
              (26 damage)
             ... on level 5 of the Dungeon.
             The game lasted 00:09:34 (3752 turns).

Hubjo the Magician (Deep Elf Fire Elementalist)     Turns: 3752, Time: 00:09:35

Health: -3/37      AC:  6    Str:  5    XL:     6   Next: 74%
Magic:  15/15      EV: 11    Int: 20    God:
Gold:   214        SH:  0    Dex: 17    Spells: 14/15 levels left

rFire   . . .      SeeInvis +   f - +0 dagger (vamp)
rCold   . . .      Faith    .   (no shield)
rNeg    . . .      Spirit   .   y - +0 acid dragon scales
rPois   .          Reflect  .   (no helmet)
rElec   .          Harm     .   (no cloak)
rCorr   +          Rampage  .   (no gloves)
Will    .....                   (no boots)
Stlth   +++.......              c - amulet of magic regeneration
HPRegen 0.12/turn               q - ring of see invisible
MPRegen 0.54/turn               (no ring)

@: no status effects
A: no striking features
a: no special abilities


You were on level 5 of the Dungeon.
You visited 1 branch of the dungeon, and saw 6 of its levels.

You collected 214 gold pieces.

Inventory:

Hand Weapons
 f - a +0 vampiric dagger (weapon)
Armour
 a - a +0 robe
 y - +0 acid dragon scales (worn)
Jewellery
 c - an amulet of magic regeneration (around neck)
 d - an amulet of faith
 q - a ring of see invisible (left hand)
Wands
 v - a wand of iceblast (6)
 w - a wand of flame (21)
Scrolls
 i - a scroll of teleportation
 j - a scroll of fog
 m - a scroll of amnesia
 n - a scroll of fear
Potions
 b - a potion of magic
 e - a potion of mutation {unknown}
 g - a potion of cancellation {unknown}
 h - a potion of resistance {unknown}
 k - a potion of lignification {unknown}
 l - a potion of attraction {unknown}
 o - a potion of curing
 r - a potion of ambrosia {unknown}
 s - a potion of brilliance {unknown}


   Skills:
 * Level 3.5 Fighting
 - Level 2.4 Dodging
 + Level 4.7 Stealth
 + Level 5.0 Spellcasting
 - Level 1.1 Conjurations
 + Level 4.7 Fire Magic


You had 14 spell levels left.
You knew the following spells:

 Your Spells              Type           Power      Damage    Failure   Level
a - Foxfire               Conj/Fire      64%        2x1d7     8%          1

Your spell library contained the following spells:

 Spells                   Type           Power      Damage    Failure   Level
 Scorch                   Fire           48%        2d7       5%          2
 Conjure Flame            Conj/Fire      16%        6-21      22%         3
 Inner Flame              Hex/Fire       14%        N/A       28%         3
 Corpse Rot               Necr/Air       10%        N/A       36%         2
 Poisonous Vapours        Pois/Air       10%        N/A       36%         2
 Ignite Poison            Fire/Tmut/Pois 11%        N/A       36%         3
 Mephitic Cloud           Conj/Pois/Air  6%         N/A       54%         3
 Flame Wave               Conj/Fire      16%        2d6       58%         4
 Freezing Cloud           Conj/Ice/Air   3%         6-21      99%         5


Dungeon Overview and Level Annotations

Branches:
Dungeon (6/15)
 Temple: D:4-7

Altars:
Ashenzari


Message History

The iceblast engulfs the iguana!
You kill the iguana!
The two-headed ogre closely misses you.
The two-headed ogre hits you with a +0 giant club!
A two-headed ogre is nearby!
Aiming: Throw Flame
Press: ? - help, Shift-Dir - straight line, f - two-headed ogre
Aim: a two-headed ogre, wielding a +0 giant spiked club and a +0 giant club (moderately wounded, 85% to hit)
The puff of flame hits the two-headed ogre.
The two-headed ogre is moderately wounded.
Unknown command.
You conjure some foxfire!
The two-headed ogre hits you with a +0 giant spiked club!
The two-headed ogre misses you.
You conjure some foxfire!
The foxfire hits the two-headed ogre but does no damage.
The two-headed ogre is moderately wounded.
The two-headed ogre closely misses you.
The two-headed ogre hits you with a +0 giant club!
* * * LOW HITPOINT WARNING * * *
You are too injured to fight recklessly!
Aiming: Iceblast
Press: ? - help, Shift-Dir - straight line
Okay, then.
You feel better.
The foxfire hits the two-headed ogre.
The two-headed ogre is heavily wounded.
The foxfire hits the two-headed ogre.
The two-headed ogre is heavily wounded.
The foxfire hits the two-headed ogre.
The two-headed ogre is heavily wounded.
You are too injured to fight recklessly!
You feel better. The two-headed ogre closely misses you.
The two-headed ogre misses you.
Aiming: Iceblast
Press: ? - help, Shift-Dir - straight line
Okay, then.
The two-headed ogre misses you.
The two-headed ogre hits you with a +0 giant club!!
Ouch! That really hurt!
You die...

......#......#....#..............
......#......#....#..............
##.####....###'############'#####
##############....##......#.....#
..........................#.....#
oooo......................#...>.#
.....o....................#.....#
......o...................#.....#
.......oo......O@รท........#.....#
................>.........#.....#
#################################


You could see a two-headed ogre.

Vanquished Creatures
  An ice beast (D:5)
  A phantom (D:5)
  A scorpion (D:5)
  2 hounds (D:5)
  2 iguanas (D:5)
  5 adders
  A worm (D:5)
  A dart slug (D:4)
  5 orcs
  3 bats
  6 endoplasms
  A giant cockroach (D:2)
  5 goblins
  5 hobgoblins
  8 jackals
  2 quokkas
  4 ball pythons
  2 frilled lizards (D:1)
  8 kobolds
  4 rats
67 creatures vanquished.

Vanquished Creatures (others)
  400 foxfires
400 creatures vanquished.

Grand Total: 467 creatures vanquished

Notes
Turn   | Place    | Note
-------+----------+-------------------------------------------
     0 | D:1      | Hubjo the Deep Elf Fire Elementalist began the quest for
                  | the Orb.
     0 | D:1      | Reached XP level 1. HP: 10/10 MP: 6/6
   298 | D:1      | Reached XP level 2. HP: 16/16 MP: 5/8
   511 | D:1      | Reached skill level 1 in Fighting
  1313 | D:2      | Found a faded altar of an unknown god.
  1343 | D:2      | Reached XP level 3. HP: 20/20 MP: 7/9
  1347 | D:2      | Prayed at the altar of an unknown god.
  1347 | D:2      | Became a worshipper of Ashenzari the Shackled
  2111 | D:3      | Reached XP level 4. HP: 24/26 MP: 9/12
  2118 | D:3      | Fell from the grace of Ashenzari
  2510 | D:5      | Entered Level 5 of the Dungeon
  2610 | D:5      | Noticed an ice beast
  2619 | D:5      | Killed an ice beast
  2620 | D:5      | Reached skill level 4 in Spellcasting
  2620 | D:5      | Reached XP level 5. HP: 31/31 MP: 6/13
  2962 | D:5      | Was forgiven by Ashenzari
  3032 | D:5      | Reached XP level 6. HP: 37/37 MP: 11/15
  3392 | D:6      | Noticed a two-headed ogre
  3411 | D:5      | Reached skill level 5 in Spellcasting
  3752 | D:5      | Slain by a two-headed ogre

Illustrated notes

Levels and vault maps discovered:
D:1:      eino_arrival_water_cross, layout_basic, solitary_fountain
D:2:      layout_loops_ring, dreamdust_ecumenical_altar_grove,
          chequers_serial_rivers_room_a, item_on_display_a
D:3:      layout_rooms
D:4:      layout_basic
D:5:      layout_gridville
D:6:      layout_gridville, gup_sewer_entry_pipe

Skill      XL: |  1  2  3  4  5  6 |
---------------+-------------------+-----
Fighting       | 1 2 3 |  3.5
Stealth        | 3 4 |  4.7
Fire Magic     | 4 |  4.7
Spellcasting   | 4 5 |  5.0
Dodging        | |  2.4
Conjurations   | |  1.1

Action                   |  1- 3 |  4- 6 || total
-------------------------+-------+-------++-------
Melee: Unarmed           |     2 |       ||     2
       Dagger            |    10 |       ||    10
 Cast: Foxfire           |   148 |    98 ||   246
Invok: Curse Item        |     1 |       ||     1
       Renounce Religion |       |     1 ||     1
Evoke: Wand              |       |     3 ||     3
  Use: Scroll            |     5 |     5 ||    10
       Potion            |       |     2 ||     2
 Stab: Sleeping          |     1 |       ||     1
Armor: Robe              |     8 |     3 ||    11
       Acid dragon scale |       |     6 ||     6
Dodge: Dodged            |    23 |    37 ||    60

Table legend: (Time is in decaauts)
 A = Elapsed time spent in this place.
 B = Non-inter-level travel time spent in this place.
 C = Inter-level travel time spent in this place.
 D = Time resting spent in this place.
 E = Time spent auto-exploring this place.
 F = Levels seen in this place.
 G = Mean time per level.
                   A        B        C        D        E       F      G
               +--------+--------+--------+--------+--------+-----+--------+
         Total |   3760 |   3575 |    185 |    325 |   2684 |   6 |  626.7 |
       Dungeon |   3760 |   3575 |    185 |    325 |   2684 |   6 |  626.7 |
               +--------+--------+--------+--------+--------+-----+--------+

Top non-repeatable levels by time:
     D:5: 1212 daAuts
     D:2: 1058 daAuts
     D:1: 901 daAuts
     D:3: 475 daAuts
     D:4: 81 daAuts
     D:6: 30 daAuts
